 Dungeon Crawl Stone Soup version 0.31-a0-188-g5e087ee2ca (webtiles) character file.

Game seed: 10552029958890339685

84 qw the Shooter (level 4, 0/25 HPs)
             Began as a Deep Elf Hunter on June 22, 2023.
             Slain by an orc priest
             ... wielding a +1 falchion of holy wrath
              (5 damage)
             ... on level 3 of the Dungeon.
             The game lasted 00:00:42 (2054 turns).

qw the Shooter (Deep Elf Hunter)                    Turns: 2054, Time: 00:00:43

Health: 0/25       AC:  6    Str: 16    XL:     4   Next: 23%
Magic:  6/6        EV: 11    Int: 14    God:
Gold:   112        SH:  0    Dex: 18    Spells: 3/3 levels left

rFire   . . .        Y - +0 shortbow
rCold   . . .        (shield currently unavailable)
rNeg    + . .        f - +0 ring mail
rPois   .            a - +0 helmet
rElec   .            (no cloak)
rCorr   .            (no gloves)
SInv    .            (no boots)
Will    .....        (no amulet)
Stlth   +            c - ring of positive energy
HPRegen 0.24/turn    e - +6 ring of strength
MPRegen 0.10/turn

%: no passive effects
@: about to teleport
A: no striking features
a: no special abilities


You were on level 3 of the Dungeon.
You visited 1 branch of the dungeon, and saw 3 of its levels.

You collected 112 gold pieces.


   Skills:
 - Level 1.5 Fighting
 + Level 7.6 Ranged Weapons
 - Level 2.4 Dodging
 - Level 1.2 Stealth


You had 3 spell levels left.
You didn't know any spells.
Your spell library was empty.

Inventory:

Hand Weapons
 Y - a +0 shortbow (weapon)
Armour
 a - a +0 helmet (worn)
 f - a +0 ring mail (worn)
Jewellery
 c - a ring of positive energy (left hand)
 e - a +6 ring of strength (right hand)
Scrolls
 b - a scroll of teleportation
 d - a scroll of identify
 g - a scroll of immolation {unknown}
Potions
 h - a potion of berserk rage {unknown}
 i - a potion of curing

Dungeon Overview and Level Annotations

Branches:
Dungeon (3/15)

Altars:


Message History

An orc comes into view. It is wielding a +0 dagger.
The orc shouts!
Items here: % ) ? [.
You shoot an arrow. The arrow hits the orc.
The orc is almost dead.
You shoot an arrow. The arrow hits the orc!
You kill the orc!
g - a scroll labelled EZEBBE ZEXTUIWN
Things that are here:
a +0 club; a +0 leather armour; an orc corpse
Found a stone staircase leading up.
Things that are here:
a +0 dagger; a +0 club; a +0 club
Found a stone staircase leading down.
A sourceless malevolence fills the Dungeon... and a teleportation trap spontaneously manifests!
You are yanked towards a nearby monster!
Your surroundings suddenly seem different.
An orc priest comes into view.
It is wielding a +1 falchion of holy wrath.
Found a robe and a quarterstaff.
You shoot an arrow. The orc priest shouts!
The arrow hits the orc priest!
The orc priest is heavily wounded.
You shoot an arrow. The arrow hits the orc priest.
The orc priest is almost dead.
The orc priest hits you with a +1 falchion of holy wrath.
The orc priest mumbles some strange prayers to Beogh against you.
Pain shoots through your body!
You shoot an arrow.
The arrow closely misses the orc priest.
The orc priest hits you with a +1 falchion of holy wrath.
You shoot an arrow. The arrow hits the orc priest.
The orc priest is almost dead.
The orc priest calls down the wrath of Beogh upon you.
Beogh smites you!
2054 ||| READING 2 scrolls of teleportation.
As you read the scroll of teleportation, it crumbles to dust.
You feel strangely unstable.
The orc priest hits you with a +1 falchion of holy wrath.
You die...

### # .. .#
.#####.## ###
........# ..
........# #.###
........## ##...
#......... #...###
##).....## #@..#
#.......# #..o#.#
........# ....... #
.##<##.....)###....
.# .# ..... ###..#
.# .. ... ..# .#
### .. .## .. .# ..


You could see an orc priest.

Vanquished Creatures
  2 adders (D:2)
  A worm (D:2)
  A dart slug (D:2)
  4 orcs (D:3)
  6 ball pythons
  4 endoplasms
  3 giant cockroaches
  5 goblins
  4 hobgoblins
  3 jackals (D:1)
  3 quokkas
  5 bats
  2 frilled lizards (D:2)
  4 kobolds
  4 rats
51 creatures vanquished.

Notes
Turn   | Place    | Note
-------+----------+-------------------------------------------
     0 | D:1      | qw the Deep Elf Hunter began the quest for the Orb.
     0 | D:1      | Reached XP level 1. HP: 12/12 MP: 3/3
     0 | D:1      | 0 ||| qw: Version: 0.3-a-9-g12657ce
     0 | D:1      | 0 ||| qw: Game counter: 2856
     0 | D:1      | 0 ||| qw: Always use a shield: true
     0 | D:1      | 0 ||| qw: God list: Okawaru
     0 | D:1      | 0 ||| qw: Allow faded altars: false
     0 | D:1      | 0 ||| qw: Do Orc after D:15 true
     0 | D:1      | 0 ||| qw: Do second Lair branch before Depths: true
     0 | D:1      | 0 ||| qw: Lair rune preference: random
     0 | D:1      | 0 ||| qw: Plans: Normal
     0 | D:1      | 0 ||| PLANNING D:1-11
   104 | D:1      | Reached skill level 6 in Ranged Weapons
   104 | D:1      | Reached XP level 2. HP: 16/16 MP: 4/4
   421 | D:1      | Found a faded altar of an unknown god.
   791 | D:1      | Reached XP level 3. HP: 20/20 MP: 5/5
  1010 | D:1      | 1010 ||| UPGRADING to +0 ring mail.
  1020 | D:1      | 1020 ||| DROPPING +0 leather armour.
  1021 | D:1      | 1021 ||| READING scroll labelled CAINUI LYJOPIPP.
  1022 | D:1      | 1022 ||| READING scroll labelled WEBEWK JYEPN.
  1023 | D:1      | 1023 ||| READING scroll labelled KATUUH DYRO.
  1024 | D:1      | 1024 ||| DROPPING scroll of butterflies.
  1307 | D:2      | Reached skill level 7 in Ranged Weapons
  1307 | D:2      | 1307 ||| FLEEEEING.
  1308 | D:2      | 1308 ||| FLEEEEING.
  1309 | D:2      | 1309 ||| FLEEEEING.
  1310 | D:2      | 1310 ||| FLEEEEING.
  1311 | D:2      | 1311 ||| FLEEEEING.
  1328 | D:2      | 1328 ||| FLEEEEING.
  1331 | D:2      | 1331 ||| FLEEEEING.
  1332 | D:2      | 1332 ||| FLEEEEING.
  1333 | D:2      | 1333 ||| FLEEEEING.
  1334 | D:2      | 1334 ||| FLEEEEING.
  1335 | D:2      | 1335 ||| FLEEEEING.
  1336 | D:2      | 1336 ||| FLEEEEING.
  1337 | D:2      | 1337 ||| FLEEEEING.
  1633 | D:2      | Reached XP level 4. HP: 25/25 MP: 6/6
  1985 | D:2      | 1985 ||| UPGRADING to +0 helmet.
  1990 | D:2      | 1990 ||| UPGRADING to ring of positive energy.
  1991 | D:2      | 1991 ||| UPGRADING to +6 ring of strength.
  1992 | D:2      | 1992 ||| READING 3 scrolls labelled SEPROD HEJAE.
  1996 | D:2      | 1996 ||| READING scroll labelled UMOGUW MAOQ.
  1997 | D:2      | 1997 ||| DRINKING 2 blue potions.
  2053 | D:3      | HP: 5/25 [orc priest/divine providence (10)]
  2054 | D:3      | 2054 ||| READING 2 scrolls of teleportation.
  2054 | D:3      | Slain by an orc priest

Levels and vault maps discovered:
D:1:      wheals_arrival_linesprint, layout_basic,
          shapermc_ecumenical_altar_acropolis
D:2:      layout_basic
D:3:      layout_loops_cross, grunt_temple_overflow_diamond, dk_noncrumbling_4

Skill      XL: |  1  2  3 |
---------------+----------+-----
Ranged Weapons | 6 7 |  7.6
Fighting       | |  1.5
Dodging        | |  2.4
Stealth        | |  1.2

Action                     |  1- 3 |  4- 6 || total
---------------------------+-------+-------++-------
   Fire: Shortbow          |   121 |    22 ||   143
    Use: Scroll            |     3 |     3 ||     6
         Potion            |       |     1 ||     1
 Armour: Leather armour    |    11 |       ||    11
         Ring mail         |     4 |     2 ||     6
  Dodge: Dodged            |    55 |     2 ||    57

Table legend:
 A = Non-vault XP
 B = Vault XP
 C = Vault XP percentage of total XP
 D = Non-vault monster count
 E = Vault monster count
 F = Vault count percentage of total count
                 A         B        C        D         E       F
            +---------+---------+-------+---------+---------+-------
      Total |     120 |       0 |   0.0 |      51 |       0 |   0.0
            +---------+---------+-------+---------+---------+-------
        D:1 |      41 |       0 |   0.0 |      24 |       0 |   0.0
        D:2 |      66 |       0 |   0.0 |      22 |       0 |   0.0
        D:3 |      13 |       0 |   0.0 |       5 |       0 |   0.0
            +---------+---------+-------+---------+---------+-------
